 Dungeon Crawl Stone Soup version 0.26-a0-84-g8c18429211 (webtiles) character file.

Game seed: 12914939528296232489

399 Gargoyl the Skirmisher (level 6, -3/52 HPs)
             Began as a Centaur Abyssal Knight on June 19, 2020.
             Was a Follower of Lugonu.
             Slain by an ogre
             ... wielding a +0 giant club
              (27 damage)
             ... on level 4 of the Dungeon.
             The game lasted 00:05:33 (3432 turns).

Gargoyl the Skirmisher (Centaur Abyssal Knight)     Turns: 3432, Time: 00:05:33

Health: -3/52      AC: 12    Str: 15    XL:     6   Next: 53%
Magic:  8/8        EV:  5    Int: 11    God:    Lugonu [*.....]
Gold:   213        SH:  0    Dex: 10    Spells: 5/5 levels left

rFire    + . .     SeeInvis .   d - +9 dagger of the Absolute Madman {vorpal, *Contam rF+ rC+}
rCold    + . .     Gourm    .   (no shield)
rNeg     . . .     Faith    .   l - +2 chain mail {MR+}
rPois    .         Spirit   .   (no helmet)
rElec    .         Reflect  .   x - +1 cloak {rCorr}
rCorr    +         Harm     .   (no gloves)
MR       +....                  (no barding)
Stlth    ..........             w - amulet of the acrobat
HPRegen  0.17/turn              h - ring of resist corrosion
MPRegen  0.11/turn              (no ring)

@: very quick
A: large, hooves 3, deformed body, speed 2, tough skin 3
a: Depart the Abyss, Renounce Religion


You were on level 4 of the Dungeon.
You worshipped Lugonu.
Lugonu was aware of your devotion.
You were not hungry.

You visited 1 branch of the dungeon, and saw 4 of its levels.
You visited the Abyss 1 time.

You collected 213 gold pieces.

Inventory:

Hand Weapons
 a - a +4 hand axe
 d - the +9 dagger of the Absolute Madman (weapon) {vorpal, *Contam rF+ rC+}
   (You found it on level 2 of the Abyss)

   It inflicts extra damage upon your enemies.
   It protects you from fire.
   It protects you from cold.
   It causes magical contamination when unequipped.
Armour
 l - a +2 chain mail of magic resistance (worn)
 x - a +1 cloak of preservation (worn)
Jewellery
 h - a ring of resist corrosion (left hand)
 w - an amulet of the acrobat (around neck)
Scrolls
 b - a scroll of identify
 i - a scroll of remove curse
Potions
 e - a potion of cancellation
 g - a potion of might
 j - a potion of flight {unknown}
 o - a potion of invisibility {unknown}
 q - 2 potions of curing {unknown}
 r - a potion of haste {unknown}
Comestibles
 c - 7 rations
 k - 2 chunks of flesh


   Skills:
 + Level 3.8 Fighting
 + Level 1.1 Short Blades
 + Level 2.8 Axes
 * Level 3.5 Armour
 * Level 1.8 Dodging
 * Level 3.2 Invocations


You had 5 spell levels left.
You didn't know any spells.
Your spell library was empty.

Dungeon Overview and Level Annotations

Branches:
Dungeon (4/15)
 Temple: D:4-7

Altars:
Qazlal
Vehumet
Wu Jian
The Shining One


Innate Abilities, Weirdness & Mutations

You have hooves in place of feet.
Armour fits poorly on your strangely shaped body.
You cover ground very quickly.
You have extremely tough skin. (AC +3)


Message History

You see here a jackal corpse.
You hit the jackal. You kick the jackal.
You kill the jackal!
Lugonu accepts your kill.
You butcher the jackal corpse.
k - 2 chunks of flesh (gained 1)
You see here a jackal skeleton. x2
Found a stone staircase leading up.
You now have 213 gold pieces (gained 15).
An ogre comes into view. It is wielding a +0 giant club.
The ogre shouts!
You hit the ogre.
The ogre is moderately wounded.
The ogre hits you with a +0 giant club!!
Ouch! That really hurt!
You hit the ogre.
The ogre is moderately wounded.
The ogre hits you with a +0 giant club!!
Ouch! That really hurt!
You die...

##########
#.@O......
#.########
####.# #....# #
#.##.###.#
......#.#......#
..##..#.#......#
..##..#.#...<#.#
#+#.##..#.#.#.##
#


You could see an ogre.

Vanquished Creatures
  Grinder (D:3)
  An orc priest (D:3)
  An orc wizard (D:3)
  Terence (D:3)
  3 gnolls (D:2)
  4 adders (D:2)
  An ooze (D:2)
  A worm (D:3)
  2 leopard geckos
  2 orcs (D:3)
  5 giant cockroaches
  4 goblins
  6 hobgoblins
  16 jackals
  A quokka (D:2)
  4 bats
  4 frilled lizards
  2 kobolds
  A rat (D:2)
60 creatures vanquished.

Vanquished Creatures (others)
  A hobgoblin (D:1)
1 creature vanquished.

Grand Total: 61 creatures vanquished

Notes
Turn   | Place    | Note
-------+----------+-------------------------------------------
     0 | Abyss:1  | Gargoyl the Centaur Abyssal Knight began the quest for the
                  | Orb.
     0 | Abyss:1  | Reached XP level 1. HP: 19/19 MP: 2/2
    78 | Abyss:2  | Found a corrupted altar of Lugonu.
   140 | Abyss:2  | Noticed an iron imp
   150 | Abyss:2  | Noticed a queen bee
   158 | Abyss:2  | Got a masterwork dagger
   169 | Abyss:2  | Noticed an ettin simulacrum
   171 | D:1      | Escaped the Abyss
   172 | D:1      | Identified the +9 dagger of the Absolute Madman {vorpal,
                  | *Contam rF+ rC+} (You found it on level 2 of the Abyss)
  1049 | D:1      | Reached XP level 2. HP: 7/26 MP: 3/3
  1410 | D:2      | Reached skill level 1 in Dodging
  1428 | D:2      | Reached XP level 3. HP: 12/31 MP: 4/4
  1509 | D:2      | Reached * piety under Lugonu
  1509 | D:2      | Reached XP level 4. HP: 22/38 MP: 5/5
  1845 | D:2      | Found a stormy altar of Qazlal.
  1909 | D:2      | Found a radiant altar of Vehumet.
  2543 | D:3      | Reached XP level 5. HP: 45/45 MP: 6/6
  2675 | D:3      | Noticed Grinder
  2689 | D:3      | Killed Grinder
  2689 | D:3      | Reached skill level 1 in Short Blades
  2689 | D:3      | Reached XP level 6. HP: 33/52 MP: 8/8
  2859 | D:3      | Found a glowing golden altar of the Shining One.
  3068 | D:3      | Found an ornate altar of the Wu Jian Council.
  3289 | D:3      | Noticed Terence
  3331 | D:3      | Killed Terence
  3432 | D:4      | Slain by an ogre

Illustrated notes

Levels and vault maps discovered:
D:1:      wander_arrival_chamber, layout_basic, hangedman_decor_clover_reticule,
          lemuel_flame_loot_1
D:2:      layout_loops_ring, grunt_qazlal_clouds, vehumet_crystals,
          first_ration, kennysheep_path_1, minmay_circled_x
D:3:      layout_basic, lemuel_round_altar, overflow_temple_1_default,
          uniq_terence, uniq_grinder
D:4:      layout_basic, marbit_many_paths, minmay_temple_entry_drinking_statues,
          minmay_pentangle

Skill      XL: |  1  2  3  4  5 |
---------------+----------------+-----
Dodging        | 1 |  1.8
Armour         | 2 3 |  3.5
Axes           | 2 |  2.8
Short Blades   | 1 |  1.1
Invocations    | 3 |  3.2
Fighting       | |  3.8

Action                   |  1- 3 |  4- 6 || total
-------------------------+-------+-------++-------
Melee: Hand axe          |    47 |       ||    47
       Dagger            |    21 |    84 ||   105
       Kick              |    10 |     9 ||    19
Invok: Depart the Abyss  |     1 |       ||     1
  Use: Scroll            |       |    16 ||    16
  Eat: Chunk             |     1 |     5 ||     6
Armor: Plate armour      |   100 |    42 ||   142
       Leather armour    |     3 |       ||     3
       Ring mail         |       |    11 ||    11
Dodge: Dodged            |    19 |    20 ||    39

Table legend:
 A = Non-vault XP
 B = Vault XP
 C = Vault XP percentage of total XP
 D = Non-vault monster count
 E = Vault monster count
 F = Vault count percentage of total count
                 A         B        C        D         E       F
            +---------+---------+-------+---------+---------+-------
      Total |     269 |     301 |  52.8 |      54 |       6 |  10.0
            +---------+---------+-------+---------+---------+-------
        D:1 |      11 |       0 |   0.0 |       7 |       0 |   0.0
        D:2 |     136 |       7 |   4.9 |      27 |       4 |  12.9
        D:3 |     118 |     294 |  71.4 |      18 |       2 |  10.0
        D:4 |       4 |       0 |   0.0 |       2 |       0 |   0.0
            +---------+---------+-------+---------+---------+-------
